[Event "December 19 Early 2023"]
[Site "https://www.chess.com"]
[Date "2023.12.19"]
[Round "8"]
[White "Sreyas Payyappat"]
[Black "Hoffmann, Asa"]
[Result "1-0"]
[Board "128"]
[TimeControl "180+1"]
[WhiteFideId "46674969"]
[BlackFideId "2001470"]
[WhiteElo "2043"]
[BlackElo "2117"]
[WhiteTeam "IND"]
[BlackTeam "USA"]
[WhiteClock "0:00:38"]
[BlackClock "0:01:02"]

1. e4 d6 2. d4 Nf6 3. Nc3 c6 4. Nf3 Bg4 5. Bd3 e6 6. h3 Bh5 7. O-O d5 8. e5 Nfd7 9. g4 Bg6 10. Nh2 c5 11. Be3 cxd4 12. Bxd4 Nc6 13. Nb5 Nxd4 14. Nxd4 Nxe5 15. f4 Bxd3 16. cxd3 Nc6 17. Nxc6 bxc6 18. f5 e5 19. Nf3 f6 20. Kh1 Bd6 21. g5 fxg5 22. Qa4 Qd7 23. Nxg5 O-O 24. Qg4 Rf6 25. Ne6 Re8 26. Rg1 Rfxe6 27. fxe6 Rxe6 28. Rac1 Bf8 29. Qf5 Qf7 30. Qg4 Rg6 31. Qe2 Qf5 32. Rxg6 Qxh3+ 33. Qh2 Qxh2+ 34. Kxh2 hxg6 35. Rxc6 Kf7 36. Rc7+ Kf6 37. Rxa7 e4 38. dxe4 dxe4 39. Kg2 Bc5 40. Rc7 Bd4 41. b4 Kf5 42. b5 g5 43. a4 g4 44. a5 g3 45. b6 e3 46. Re7 Kf6 47. Re4 Bc5 48. Kxg3 g5 49. b7 Ba7 50. Rxe3 Bxe3 51. b8=Q Bf4+ 52. Qxf4+ gxf4+ 53. Kxf4 Ke6 54. a6 Kd7 55. a7 Kc7 56. a8=Q 1-0

[Event "December 19 Early 2023"]
[Site "https://www.chess.com"]
[Date "2023.12.19"]
[Round "8"]
[White "DeyanKostov"]
[Black "Mesa Cruz, Juan Carlos"]
[Result "0-1"]
[Board "129"]
[TimeControl "180+1"]
[BlackFideId "6423400"]
[WhiteElo "2476"]
[BlackElo "2142"]
[BlackTeam "DOM"]
[WhiteClock "0:00:40"]
[BlackClock "0:00:06"]

1. d4 Nf6 2. c4 e6 3. Nc3 Bb4 4. e3 O-O 5. Bd3 d5 6. a3 Bxc3+ 7. bxc3 c5 8. cxd5 exd5 9. Ne2 b6 10. O-O Ba6 11. a4 Bxd3 12. Qxd3 Re8 13. Ba3 c4 14. Qc2 Nc6 15. Ng3 Qd7 16. Rae1 h5 17. f3 h4 18. Nf5 h3 19. g4 g6 20. Ng3 a6 21. Bc1 b5 22. g5 Nh7 23. e4 b4 24. e5 b3 25. Qb1 Ne7 26. f4 Nf5 27. Nxf5 Qxf5 28. Qxf5 gxf5 29. Rf3 Nf8 30. Rxh3 Ng6 31. Rf3 Kg7 32. Ba3 Rh8 33. e6 Rae8 34. e7 Rh4 35. Bd6 f6 36. h3 fxg5 37. fxg5 Re4 38. Ref1 Re6 39. Ba3 Nxe7 40. Bxe7 R8xe7 41. Rxf5 Re1 42. Rf2 Rxf1+ 43. Kxf1 Re3 44. h4 Rxc3 45. h5 Rc1+ 46. Kg2 Rc2 47. h6+ Kg6 48. Kf3 Rxf2+ 49. Kxf2 b2 50. Ke3 b1=Q 51. Kf4 Qe4+ 52. Kg3 Qe3+ 53. Kg4 Qxg5+ 54. Kf3 Qxh6 55. Ke2 Qg5 0-1

[Event "December 19 Early 2023"]
[Site "https://www.chess.com"]
[Date "2023.12.19"]
[Round "8"]
[White "Korol, Dimitry"]
[Black "Mohammadi, Melika"]
[Result "1-0"]
[Board "130"]
[TimeControl "180+1"]
[WhiteFideId "14108003"]
[BlackFideId "42529271"]
[WhiteElo "2262"]
[BlackElo "1901"]
[WhiteTeam "UKR"]
[BlackTeam "IRI"]
[WhiteClock "0:00:43"]
[BlackClock "0:00:00"]

1. d4 d5 2. c4 e6 3. Nc3 Nf6 4. Bg5 Be7 5. cxd5 exd5 6. e3 c6 7. Bd3 O-O 8. Qc2 Nbd7 9. Nge2 Re8 10. f3 Nf8 11. O-O g6 12. Rad1 Ne6 13. Bh4 b6 14. h3 Bb7 15. Bf2 Nh5 16. e4 Nhf4 17. Nxf4 Nxf4 18. e5 c5 19. Qd2 cxd4 20. Qxf4 dxc3 21. bxc3 Bf8 22. Bd4 Bg7 23. Qg3 f6 24. f4 fxe5 25. fxe5 Qc7 26. h4 Bxe5 27. Qg4 Bxd4+ 28. cxd4 Qg7 29. h5 gxh5 30. Qxh5 Rf8 31. Kh1 Rad8 32. Rde1 Rxf1+ 33. Rxf1 Bc8 34. Re1 Bg4 35. Qh4 Rf8 36. Re5 Rf2 37. Rg5 Rf1+ 38. Kh2 1-0

[Event "December 19 Early 2023"]
[Site "https://www.chess.com"]
[Date "2023.12.19"]
[Round "8"]
[White "Shadhursshaan R"]
[Black "Pogorelskikh, Sofia"]
[Result "0-1"]
[Board "131"]
[TimeControl "180+1"]
[WhiteFideId "45024138"]
[BlackFideId "44164548"]
[WhiteElo "1760"]
[BlackElo "2031"]
[WhiteTeam "IND"]
[BlackTeam "SRB"]
[WhiteClock "0:00:00"]
[BlackClock "0:01:28"]

1. d4 Nf6 2. c4 g6 3. Nc3 Bg7 4. e4 d6 5. Be2 O-O 6. h4 c5 7. d5 b5 8. cxb5 a6 9. a4 axb5 10. Bxb5 Ba6 11. Bd2 Qc8 12. Nge2 e6 0-1

[Event "December 19 Early 2023"]
[Site "https://www.chess.com"]
[Date "2023.12.19"]
[Round "8"]
[White "Namitbir Singh Walia"]
[Black "Marinakis, Hristos"]
[Result "1-0"]
[Board "132"]
[TimeControl "180+1"]
[WhiteFideId "35071068"]
[BlackFideId "4294661"]
[WhiteElo "2239"]
[BlackElo "2311"]
[WhiteTeam "IND"]
[BlackTeam "GRE"]
[WhiteClock "0:00:24"]
[BlackClock "0:00:08"]

1. e4 c5 2. Nf3 d6 3. d4 cxd4 4. Nxd4 Nf6 5. f3 e5 6. Nb3 a5 7. Bb5+ Nbd7 8. Nc3 Be7 9. Be3 O-O 10. Qd2 Nb6 11. a4 Be6 12. Qf2 Nc4 13. Bxc4 Bxc4 14. Bb6 Qd7 15. Nxa5 Be6 16. O-O d5 17. exd5 Nxd5 18. Rfd1 Rfc8 19. Nxd5 Bxd5 20. Kh1 Qe6 21. Qd2 Qxb6 22. Qxd5 Qxa5 23. Qxb7 Qc7 24. Rd7 Qxb7 25. Rxb7 Bf8 26. c3 Rd8 27. h3 Rd2 28. a5 Rad8 29. a6 Rd1+ 30. Rxd1 Rxd1+ 31. Kh2 Ra1 32. a7 g6 33. b4 Kg7 34. b5 Bc5 35. b6 Ra6 36. Rb8 Bxb6 37. a8=Q 1-0

[Event "December 19 Early 2023"]
[Site "https://www.chess.com"]
[Date "2023.12.19"]
[Round "8"]
[White "Omariev, Maksim"]
[Black "Guimaraes, Wagner Peixoto"]
[Result "0-1"]
[Board "133"]
[TimeControl "180+1"]
[WhiteFideId "4193423"]
[BlackFideId "2100940"]
[WhiteElo "2452"]
[BlackElo "2140"]
[WhiteTeam "RUS"]
[BlackTeam "BRA"]
[WhiteClock "0:00:04"]
[BlackClock "0:00:08"]

1. g4 c5 2. Bg2 Nc6 3. c4 g6 4. Nc3 Bg7 5. h4 d6 6. g5 h6 7. h5 hxg5 8. hxg6 fxg6 9. Rxh8 Bxh8 10. d3 Bf6 11. Be3 Qa5 12. Qd2 Nd4 13. O-O-O g4 14. Kb1 Be6 15. Bf4 O-O-O 16. e3 Nc6 17. Nge2 Ne5 18. b3 Nf3 19. Qc2 g5 20. Bg3 Nh6 21. Nd5 Bxd5 22. cxd5 Nf5 23. Rh1 N5h4 24. Bf1 Qd2 25. Qxd2 Nxd2+ 26. Kc2 Ndf3 27. Nc3 Bxc3 28. Kxc3 Rf8 29. Be2 Kd8 30. Kc2 b5 31. a4 a6 32. Bxf3 Nxf3 33. axb5 axb5 34. Ra1 Ke8 35. Ra5 b4 36. Ra7 Kf7 37. d4 cxd4 38. e4 Ne5 39. Kd2 Kf6 40. Rb7 Rc8 41. Rxb4 d3 42. Rb7 Rc2+ 43. Ke3 Re2+ 44. Kd4 d2 45. Bxe5+ dxe5+ 46. Kc5 d1=Q 47. b4 Qc2+ 48. Kb5 Qxe4 49. Rb6+ Kf7 50. Kc5 Qd4+ 51. Kb5 Rb2 52. Ka6 Rxb4 53. Rc6 Qxd5 54. Rc7 Qb5+ 55. Ka7 Qb6+ 56. Ka8 Ra4+ 57. Ra7 Rxa7# 0-1

[Event "December 19 Early 2023"]
[Site "https://www.chess.com"]
[Date "2023.12.19"]
[Round "8"]
[White "Herman, Daniel"]
[Black "Blokhin, Sofia"]
[Result "0-1"]
[Board "134"]
[TimeControl "180+1"]
[WhiteFideId "30935008"]
[BlackFideId "4508190"]
[WhiteElo "1897"]
[BlackElo "1916"]
[WhiteTeam "USA"]
[BlackTeam "EST"]
[WhiteClock "0:00:09"]
[BlackClock "0:00:18"]

1. Nf3 f5 2. d3 Nf6 3. e4 fxe4 4. Ng5 d6 5. Nc3 e5 6. dxe4 h6 7. Nf3 Be6 8. Nd2 Be7 9. Bc4 Bxc4 10. Nxc4 O-O 11. O-O c6 12. Ne3 Nbd7 13. Nf5 Nc5 14. Qe2 Ne6 15. Be3 d5 16. exd5 cxd5 17. Bxh6 gxh6 18. Qxe5 Qd7 19. Rae1 Kf7 20. Nxh6+ Kg7 21. Qxe6 Qxe6 22. Rxe6 Kxh6 23. Rxe7 Rae8 24. Rfe1 Rxe7 25. Rxe7 Ng4 26. f3 d4 27. Ne4 Ne3 28. c3 Rg8 29. g4 Rf8 30. cxd4 Rxf3 31. d5 Rf1# 0-1

[Event "December 19 Early 2023"]
[Site "https://www.chess.com"]
[Date "2023.12.19"]
[Round "8"]
[White "Novak, Ratko"]
[Black "Fernandez Siles, Luis"]
[Result "0-1"]
[Board "135"]
[TimeControl "180+1"]
[WhiteFideId "14511827"]
[BlackFideId "2209420"]
[WhiteElo "2036"]
[BlackElo "2195"]
[WhiteTeam "CRO"]
[BlackTeam "ESP"]
[WhiteClock "0:00:00"]
[BlackClock "0:00:25"]

1. d4 Nf6 2. c4 g6 3. Nc3 d5 4. f3 Bg7 5. e4 dxe4 6. fxe4 e5 7. d5 a5 8. Be2 Na6 9. Be3 Qe7 10. h3 Nc5 11. Qc2 h5 12. Rd1 h4 13. Nb5 Nfxe4 14. Bxc5 Nxc5 15. d6 cxd6 16. Nxd6+ Kf8 17. Nf3 e4 18. O-O exf3 19. Rxf3 Be6 20. Qxg6 Rd8 21. Nxf7 Rxd1+ 22. Bxd1 Bxf7 23. Rf1 Rh6 24. Qf5 Kg8 25. Qc8+ Be8 26. Bg4 Rc6 27. Qb8 Bd4+ 28. Kh1 Rf6 29. Rd1 Be5 30. Qc8 Bc7 31. Bh5 Rf8 32. Qg4+ Qg7 0-1

[Event "December 19 Early 2023"]
[Site "https://www.chess.com"]
[Date "2023.12.19"]
[Round "8"]
[White "Vincenti, Leonardo"]
[Black "Perossa, Nicolas"]
[Result "1-0"]
[Board "136"]
[TimeControl "180+1"]
[WhiteFideId "28550820"]
[BlackFideId "2850520"]
[WhiteElo "2054"]
[BlackElo "1934"]
[WhiteTeam "ITA"]
[BlackTeam "ITA"]
[WhiteClock "0:00:08"]
[BlackClock "0:00:00"]

1. e4 c6 2. d4 d5 3. exd5 cxd5 4. Bd3 g6 5. c3 Bg7 6. Nf3 Nc6 7. O-O Bg4 8. Bf4 Nf6 9. Nbd2 O-O 10. h3 Bf5 11. Bxf5 gxf5 12. Re1 e6 13. Ne5 Kh8 14. Bg5 Qc7 15. Bf4 Nxe5 16. Bxe5 Qd8 17. Qf3 Rg8 18. Re2 Ne4 19. Bxg7+ Rxg7 20. Nxe4 dxe4 21. Qf4 Qd5 22. Qe5 Rg8 23. g3 h5 24. h4 Kh7 25. Kh2 Rg6 26. b3 Rc8 27. c4 Qxe5 28. dxe5 Rc5 29. Rd1 Rc7 30. Red2 Rg8 31. Rd7 Rgc8 32. Kg2 Kg6 33. Kf1 a6 34. Ke2 b5 35. cxb5 axb5 36. Rxc7 Rxc7 37. a4 bxa4 38. bxa4 Rc2+ 39. Ke3 Rc5 40. Ra1 Ra5 41. Kf4 Kg7 42. Ra3 Kf8 43. f3 exf3 44. Kxf3 Rxe5 45. a5 Rd5 46. a6 Rd8 47. a7 Ra8 48. Kf4 Ke7 49. Kg5 Kd6 50. Kxh5 Ke5 51. Kh6 Kf6 52. Kh7 e5 53. h5 f4 54. gxf4 exf4 55. h6 Kg5 56. Ra5+ Kg4 57. Kg7 f3 58. h7 f2 59. h8=Q Rxh8 60. Kxh8 f1=Q 61. a8=Q Qf6+ 62. Kg8 Qg6+ 63. Kf8 Qh6+ 64. Kxf7 Qh7+ 65. Ke6 Qg6+ 66. Kd5 Qf7+ 67. Kc5 Qf2+ 68. Kb5 Qe2+ 69. Kb6 Qe3+ 70. Kc7 Qc3+ 71. Kb8 Qb4+ 72. Kc8 Qc3+ 73. Kd8 Qd2+ 74. Qd5 Qe3 75. Ra4+ Kg3 76. Qd6+ Kg2 77. Rg4+ Kf3 78. Qg3+ Ke2 79. Qxe3+ Kxe3 80. Ke7 Kf3 81. Ra4 Ke3 82. Ke6 Kd3 83. Ke5 Kc3 84. Rh4 1-0

[Event "December 19 Early 2023"]
[Site "https://www.chess.com"]
[Date "2023.12.19"]
[Round "8"]
[White "Serban, Cristian-Stefan"]
[Black "Negron Lizarazo, Juan Sebastian"]
[Result "1-0"]
[Board "137"]
[TimeControl "180+1"]
[WhiteFideId "1241443"]
[BlackFideId "3936910"]
[WhiteElo "2040"]
[BlackElo "1647"]
[WhiteTeam "ROU"]
[BlackTeam "COL"]
[WhiteClock "0:02:20"]
[BlackClock "0:01:52"]

1. d4 Nf6 2. Bf4 g6 3. Nc3 d5 4. e3 Bg7 5. Nf3 O-O 6. Nb5 Na6 7. h3 c6 8. Nc3 Qb6 9. Rb1 Bf5 10. Bd3 Ne4 11. g4 Nxc3 12. bxc3 Qa5 13. gxf5 Qxc3+ 14. Qd2 Qa3 15. O-O gxf5 16. Bxf5 Kh8 17. Qd3 Qxd3 18. Bxd3 Rg8 19. Kh2 f6 20. Rxb7 c5 21. Bxa6 e5 22. dxe5 fxe5 23. Bxe5 Bxe5+ 24. Nxe5 Rge8 25. Nf7+ Kg8 26. Rg1+ Kf8 27. Nh6 1-0

[Event "December 19 Early 2023"]
[Site "https://www.chess.com"]
[Date "2023.12.19"]
[Round "8"]
[White "Piddubna, Bozhena"]
[Black "Porozhnyak, Maya"]
[Result "1-0"]
[Board "138"]
[TimeControl "180+1"]
[WhiteFideId "34109293"]
[BlackFideId "34115843"]
[WhiteElo "1874"]
[BlackElo "1932"]
[WhiteTeam "UKR"]
[BlackTeam "RUS"]
[WhiteClock "0:00:03"]
[BlackClock "0:00:00"]

1. d4 c5 2. d5 g6 3. e4 Bg7 4. Nf3 a6 5. e5 b5 6. c4 bxc4 7. Bxc4 d6 8. exd6 exd6 9. O-O Ne7 10. h3 O-O 11. Nc3 Nd7 12. Bf4 Nb6 13. Qe2 Nxc4 14. Qxc4 Rb8 15. Bc1 Nf5 16. a3 Nd4 17. Nxd4 Bxd4 18. b4 Qh4 19. Be3 Re8 20. Rfe1 Bf5 21. Bxd4 cxd4 22. Ne2 Qg5 23. Ng3 d3 24. Red1 d2 25. Nxf5 gxf5 26. Qd3 Re4 27. Qxd2 Qg6 28. Qd3 Rbe8 29. Qf3 Kf8 30. Rac1 R8e5 31. Rc8+ Kg7 32. Rcc1 h5 33. Rc8 Re1+ 34. Rxe1 Rxe1+ 35. Kh2 h4 36. Rc4 Qf6 37. Rf4 Qe5 38. g3 hxg3+ 39. Qxg3+ Kf6 40. Qh4+ Kg7 41. Qg5+ Kf8 42. Qd8+ Kg7 43. Qg5+ Kh8 44. Qg3 1-0

[Event "December 19 Early 2023"]
[Site "https://www.chess.com"]
[Date "2023.12.19"]
[Round "8"]
[White "Liu, Casper"]
[Black "Feliz Dotel, Dewar Bienvenido"]
[Result "1-0"]
[Board "139"]
[TimeControl "180+1"]
[WhiteFideId "1454153"]
[BlackFideId "6402801"]
[WhiteElo "2221"]
[BlackElo "2069"]
[WhiteTeam "DEN"]
[BlackTeam "DOM"]
[WhiteClock "0:01:15"]
[BlackClock "0:00:00"]

1. f4 c5 2. Nf3 d5 3. e3 Bg4 4. g3 e6 5. Bg2 Nc6 6. O-O Nf6 7. h3 Bh5 8. g4 Bg6 9. d3 Bd6 10. b3 Qc7 11. Bb2 O-O 12. Nc3 a6 13. Ne2 Rfe8 14. Nh4 Rad8 15. Kh1 Be7 16. Ng3 Nd7 17. g5 f5 18. Nxg6 hxg6 19. h4 e5 20. Bxd5+ Kf8 21. h5 Qd6 22. c4 Nb4 23. hxg6 Qxg6 24. fxe5 Nxd5 25. cxd5 Bxg5 26. Rxf5+ Kg8 27. Qg4 Qh6+ 28. Kg2 Bxe3 29. Rh1 1-0

[Event "December 19 Early 2023"]
[Site "https://www.chess.com"]
[Date "2023.12.19"]
[Round "8"]
[White "Jaque Gutierrez, Matias"]
[Black "Hartikainen, Jarmo"]
[Result "1-0"]
[Board "140"]
[TimeControl "180+1"]
[WhiteFideId "3426980"]
[BlackFideId "503134"]
[WhiteElo "2040"]
[BlackElo "2158"]
[WhiteTeam "CHI"]
[BlackTeam "FIN"]
[WhiteClock "0:00:10"]
[BlackClock "0:00:01"]

1. c4 c5 2. g3 g6 3. Bg2 Bg7 4. Nc3 Nc6 5. a3 Nf6 6. Rb1 a5 7. e4 O-O 8. Nge2 e5 9. d3 d6 10. O-O Nd4 11. f4 Bg4 12. h3 Bxe2 13. Nxe2 Nh5 14. Nxd4 cxd4 15. Kh2 f5 16. exf5 exf4 17. Bxf4 Nxf4 18. Rxf4 Rxf5 19. Rxf5 gxf5 20. Qf3 f4 21. Qxf4 Be5 22. Qg4+ Kh8 23. Rf1 Qg8 24. Bd5 Qxg4 25. hxg4 Rb8 26. a4 b6 27. Rf7 Bg7 28. Be4 h6 29. Rd7 Be5 30. Rh7+ Kg8 31. Rxh6 Rf8 32. Kg2 Kg7 33. Rh7+ Kf6 34. Rb7 Kg5 35. Rxb6 Rh8 36. Rb7 Rf8 37. Bf5 Rh8 38. b4 axb4 39. Rxb4 Ra8 40. Bd7 Ra7 41. Bc6 Kxg4 42. Rb8 Kf5 43. Ra8 Rc7 44. Be4+ Kf6 45. a5 Rg7 46. a6 Rxg3+ 47. Kf2 Rg7 48. a7 Bg3+ 49. Kf3 Kg5 50. Kxg3 Rf7 51. Rg8+ Kf6 52. a8=Q 1-0

[Event "December 19 Early 2023"]
[Site "https://www.chess.com"]
[Date "2023.12.19"]
[Round "8"]
[White "Himanshu, Sharma"]
[Black "Yushko, Olga"]
[Result "0-1"]
[Board "141"]
[TimeControl "180+1"]
[WhiteFideId "5007836"]
[BlackFideId "14114500"]
[WhiteElo "2307"]
[BlackElo "1891"]
[WhiteTeam "IND"]
[BlackTeam "UKR"]
[WhiteClock "0:00:00"]
[BlackClock "0:01:02"]

1. d4 e6 2. Nc3 f5 3. Bf4 Nf6 4. Qd2 Be7 5. f3 O-O 6. h3 d6 7. O-O-O Nc6 8. e4 e5 9. dxe5 dxe5 10. Qxd8 Bxd8 11. Be3 fxe4 12. Bc4+ Kh8 13. Bc5 Be7 14. Bxe7 Nxe7 15. fxe4 c6 16. Nf3 b5 17. Bb3 b4 18. Na4 Nxe4 19. Rde1 Ng3 20. Rhg1 e4 21. Ng5 Nd5 22. Nxe4 Nxe4 23. Rxe4 Bf5 24. Re5 Nf4 25. Nc5 Rae8 26. Rxe8 Rxe8 27. g4 Ne2+ 28. Kd2 Nxg1 29. gxf5 Nxh3 30. c3 bxc3+ 31. Kxc3 h5 32. Bf7 Re5 33. b4 Rxf5 34. Be8 h4 35. Bxc6 Nf2 36. a4 h3 37. Kd4 h2 38. b5 Rf6 39. Bg2 h1=Q 40. Bxh1 Nxh1 41. a5 g5 42. Ne4 Rf4 43. Ke5 Rf1 44. b6 axb6 45. axb6 g4 46. Kd6 Re1 47. b7 Rb1 48. Kc7 Kg7 49. b8=Q Rxb8 50. Kxb8 Kg6 51. Kc7 Kf5 52. Nd6+ Kf4 53. Kc6 g3 54. Kd5 g2 55. Nc4 g1=Q 56. Nd6 Qd1+ 57. Ke6 Qb3+ 58. Kd7 Qd5 59. Ke7 Qe5+ 60. Kd7 Qg7+ 61. Ke6 Qg6+ 62. Ke7 Qg5+ 63. Ke6 Ng3 64. Kd7 Ne4 65. Nf7 Qd5+ 66. Ke7 Qc5+ 0-1

[Event "December 19 Early 2023"]
[Site "https://www.chess.com"]
[Date "2023.12.19"]
[Round "8"]
[White "TitarovVasiliYouTube"]
[Black "Bowden, Karl"]
[Result "0-1"]
[Board "142"]
[TimeControl "180+1"]
[BlackFideId "400548"]
[WhiteElo "2552"]
[BlackElo "2424"]
[BlackTeam "ENG"]
[WhiteClock "0:00:00"]
[BlackClock "0:00:08"]

1. e4 e5 2. Nf3 d5 3. exd5 e4 4. Qe2 Nf6 5. Nc3 Be7 6. Nxe4 Nxd5 7. d4 O-O 8. c4 f5 9. Nc3 Nxc3 10. bxc3 Re8 11. Qd3 c5 12. Be2 Nc6 13. O-O Bf6 14. Rd1 b6 15. Be3 Qe7 16. dxc5 bxc5 17. Qd5+ Qe6 18. Bxc5 Ba6 19. Bf1 Rac8 20. Rac1 Ne5 21. Qxe6+ Rxe6 22. Bxa7 Nxf3+ 23. gxf3 Bxc4 24. Bd4 Kf7 25. Bxf6 Kxf6 26. a4 Ra6 27. Bxc4 Rxc4 28. Rd4 Raxa4 29. Rxc4 Rxc4 30. Kf1 Ke5 31. Ke2 Rh4 32. c4 Kd6 33. c5+ Kc6 0-1

[Event "December 19 Early 2023"]
[Site "https://www.chess.com"]
[Date "2023.12.19"]
[Round "8"]
[White "Caceres Benitez, Arturo Eduardo"]
[Black "Sailer, Mike"]
[Result "0-1"]
[Board "143"]
[TimeControl "180+1"]
[WhiteFideId "3710769"]
[BlackFideId "2012901"]
[WhiteElo "2045"]
[BlackElo "2109"]
[WhiteTeam "PAR"]
[BlackTeam "USA"]
[WhiteClock "0:00:02"]
[BlackClock "0:00:20"]

1. e4 d5 2. Bc4 dxc4 3. Nc3 Nc6 4. Nge2 Bg4 5. O-O e5 6. f3 Be6 7. b3 Bc5+ 8. Kh1 Nf6 9. bxc4 Bxc4 10. d3 Be6 11. Rb1 O-O 12. Bg5 Nd4 13. Nxd4 Bxd4 14. Ne2 Bxa2 15. Rxb7 Bb6 16. f4 exf4 17. Rxf4 Qd6 18. Ng3 Be6 19. Rxf6 gxf6 20. Bxf6 Qf4 21. e5 Bd5 22. Nh5 Qf5 23. Qe1 Qxh5 24. Qg3+ Qg6 0-1

[Event "December 19 Early 2023"]
[Site "https://www.chess.com"]
[Date "2023.12.19"]
[Round "8"]
[White "Kornyukov, Alexey"]
[Black "Hrebenshchykova, Yelyzaveta"]
[Result "0-1"]
[Board "144"]
[TimeControl "180+1"]
[WhiteFideId "4150457"]
[BlackFideId "14159899"]
[WhiteElo "2352"]
[BlackElo "2045"]
[WhiteTeam "RUS"]
[BlackTeam "UKR"]
[WhiteClock "0:00:11"]
[BlackClock "0:00:08"]

1. e4 e5 2. Nf3 Nc6 3. Bc4 Nf6 4. Nc3 Be7 5. O-O O-O 6. d3 d6 7. Bg5 Na5 8. Bb3 Nxb3 9. axb3 c6 10. Ne2 h6 11. Bh4 Be6 12. Bxf6 Bxf6 13. Ng3 g6 14. c3 Bg7 15. b4 a6 16. c4 d5 17. exd5 cxd5 18. Qe2 Qc7 19. Rac1 dxc4 20. dxc4 f5 21. Rfe1 e4 22. Nf1 Rad8 23. Nh4 Bf7 24. Ne3 Bf6 25. Nd5 Bxd5 26. cxd5 Qf7 27. g3 Bxh4 28. gxh4 Rxd5 29. h5 gxh5 30. Rc4 Kh8 31. Rec1 Rg8+ 32. Kh1 Qg7 33. Qf1 Rd6 34. Qh3 Rg6 35. Qf1 Rg4 36. Rc7 Qg5 37. h3 Rh4 38. Kh2 Qf4+ 39. Kh1 e3 40. fxe3 Qxf1+ 41. Rxf1 Rxh3# 0-1

[Event "December 19 Early 2023"]
[Site "https://www.chess.com"]
[Date "2023.12.19"]
[Round "8"]
[White "Azali, Tannaz"]
[Black "Obon Temprano, Sergi"]
[Result "1-0"]
[Board "145"]
[TimeControl "180+1"]
[WhiteFideId "12537721"]
[BlackFideId "2226545"]
[WhiteElo "1828"]
[BlackElo "2135"]
[WhiteTeam "IRI"]
[BlackTeam "ESP"]
[WhiteClock "0:00:12"]
[BlackClock "0:00:10"]

1. d4 d5 2. c4 c6 3. Nc3 Nf6 4. Nf3 e6 5. e3 Nbd7 6. Be2 dxc4 7. a4 Bd6 8. Nd2 O-O 9. Nxc4 Bc7 10. O-O e5 11. d5 cxd5 12. Nxd5 Nxd5 13. Qxd5 Nb6 14. Nxb6 axb6 15. Qxd8 Rxd8 16. b3 Be6 17. Rb1 Ra5 18. Ba3 Rd2 19. Bb5 Ra8 20. Bb4 Rdd8 21. Rfc1 Bd6 22. Bxd6 Rxd6 23. Rc7 Rb8 24. g3 h6 25. h4 Bd5 26. Rd1 Rbd8 27. Rd3 Bc6 28. Rxd6 Rxd6 29. Bxc6 bxc6 30. b4 Rd1+ 31. Kg2 Rb1 32. a5 Rxb4 33. a6 Ra4 34. a7 Kh7 35. Rxf7 b5 36. Rc7 b4 37. Rxc6 Rxa7 38. Rb6 Ra4 39. Kf3 Kg8 40. Rb7 Kh7 41. Rb6 Kg8 42. Ke4 Ra2 43. f3 Ra5 44. Rxb4 Kf7 45. Rb6 Ke7 46. h5 Kf7 47. Rd6 Ke7 48. Rd5 Ra4+ 49. Kxe5 Ra1 50. Rb5 Kf7 51. Rb7+ Kg8 52. g4 Ra5+ 53. Kf4 Ra4+ 54. e4 Ra5 55. e5 Ra3 56. e6 Kf8 57. Ke4 Ra1 58. f4 Re1+ 59. Kf5 Re2 60. Rf7+ Kg8 61. Rc7 Kf8 62. Ra7 Re1 63. g5 hxg5 64. fxg5 Rf1+ 65. Kg6 Re1 66. Ra8+ Ke7 67. Kxg7 Rxe6 68. h6 Re5 69. g6 1-0

[Event "December 19 Early 2023"]
[Site "https://www.chess.com"]
[Date "2023.12.19"]
[Round "8"]
[White "Fernandez Hernandez, Gerardo"]
[Black "Dmitrenko, Viktor"]
[Result "0-1"]
[Board "146"]
[TimeControl "180+1"]
[WhiteFideId "2207400"]
[BlackFideId "14110270"]
[WhiteElo "2269"]
[BlackElo "2292"]
[WhiteTeam "ESP"]
[BlackTeam "UKR"]
[WhiteClock "0:00:37"]
[BlackClock "0:01:25"]

1. e4 c5 2. d3 g6 3. g3 Bg7 4. Bg2 Nc6 5. f4 e6 6. Nf3 Nge7 7. O-O O-O 8. c3 d5 9. e5 f6 10. d4 cxd4 11. cxd4 fxe5 12. fxe5 Qb6 13. g4 Nxe5 14. Nxe5 Bxe5 15. Rxf8+ Kxf8 16. Bh6+ Kg8 17. Be3 Nc6 18. dxe5 Qxe3+ 19. Kh1 Nxe5 20. Bxd5 exd5 21. Qxd5+ Kg7 22. Qd8 Qf3+ 23. Kg1 Qxg4+ 24. Kh1 Qf3+ 25. Kg1 Qe3+ 26. Kh1 Qe4+ 27. Kg1 Qd4+ 28. Kh1 Qxd8 0-1

[Event "December 19 Early 2023"]
[Site "https://www.chess.com"]
[Date "2023.12.19"]
[Round "8"]
[White "Deveci, Huseyin Said"]
[Black "Serra Canals, Oriol"]
[Result "1-0"]
[Board "147"]
[TimeControl "180+1"]
[WhiteFideId "26322455"]
[BlackFideId "22276084"]
[WhiteElo "1954"]
[BlackElo "2108"]
[WhiteTeam "TUR"]
[BlackTeam "ESP"]
[WhiteClock "0:00:03"]
[BlackClock "0:00:00"]

1. e4 e6 2. d4 d5 3. Nd2 c5 4. Ngf3 cxd4 5. Nxd4 Nc6 6. Bb5 Bd7 7. Nxc6 bxc6 8. Bd3 e5 9. exd5 cxd5 10. c4 d4 11. Qe2 Bd6 12. Ne4 Bc7 13. Bg5 f6 14. Bd2 f5 15. Nc5 Nf6 16. f3 O-O 17. O-O-O Rb8 18. Na6 Rb6 19. Nxc7 Qxc7 20. Rhe1 Qb7 21. b3 Re8 22. Bg5 e4 23. Bb1 d3 24. Qf2 a5 25. fxe4 Nxe4 26. Qh4 d2+ 27. Bxd2 a4 28. Bxe4 Rxe4 29. Rxe4 fxe4 30. b4 Qc8 31. c5 Rg6 32. g3 Rg4 33. Qe7 Bf5 34. Bf4 1-0

[Event "December 19 Early 2023"]
[Site "https://www.chess.com"]
[Date "2023.12.19"]
[Round "8"]
[White "Gurevich, Dmitry"]
[Black "Clawitter, Craig"]
[Result "1-0"]
[Board "148"]
[TimeControl "180+1"]
[WhiteFideId "2000407"]
[BlackFideId "2023105"]
[WhiteElo "2506"]
[BlackElo "2258"]
[WhiteTeam "USA"]
[BlackTeam "USA"]
[WhiteClock "0:00:01"]
[BlackClock "0:00:00"]

1. d4 e6 2. c4 Nf6 3. g3 d5 4. Bg2 Be7 5. Nf3 O-O 6. Nc3 dxc4 7. Ne5 c5 8. dxc5 Qa5 9. Nxc4 Qxc5 10. Qb3 Nc6 11. Be3 Qb4 12. O-O Bd7 13. Rfd1 Rfd8 14. Qxb4 Bxb4 15. Nd6 Bxd6 16. Rxd6 Be8 17. Rxd8 Rxd8 18. Rc1 a6 19. b3 e5 20. Na4 Nd4 21. Bxd4 Rxd4 22. Bxb7 Bxa4 23. bxa4 Kf8 24. Bxa6 Rxa4 25. Bc4 Ne4 26. Bb3 Ra7 27. Rc2 Nd6 28. f3 Nf5 29. Rc5 Nd4 30. Rxe5 Nxb3 31. axb3 Ra2 32. Kf2 Rb2 33. Rb5 g6 34. h4 h5 35. Rb7 Kg7 36. g4 hxg4 37. fxg4 Kf6 38. g5+ Ke6 39. Rb6+ Ke7 40. Kf3 Rb1 41. b4 Rf1+ 42. Kg3 Rg1+ 43. Kf3 Rf1+ 44. Ke4 Rh1 45. Ke5 Rxh4 46. Rb7+ Kf8 47. e3 Kg7 48. b5 Rb4 49. b6 Rb1 50. Kd6 Rd1+ 51. Kc7 Rc1+ 52. Kb8 Re1 53. Rc7 Rxe3 54. b7 Rb3 55. Rc8 f5 56. Kc7 Rc3+ 57. Kd7 1-0

[Event "December 19 Early 2023"]
[Site "https://www.chess.com"]
[Date "2023.12.19"]
[Round "8"]
[White "Kiselev, Pavel"]
[Black "Bach, Matthias"]
[Result "1-0"]
[Board "149"]
[TimeControl "180+1"]
[WhiteFideId "4191102"]
[BlackFideId "4603168"]
[WhiteElo "2145"]
[BlackElo "2130"]
[WhiteTeam "RUS"]
[BlackTeam "GER"]
[WhiteClock "0:00:47"]
[BlackClock "0:00:43"]

1. Nf3 Nf6 2. c4 c5 3. d4 cxd4 4. Nxd4 e5 5. Nf3 e4 6. Nd4 d5 7. cxd5 Qxd5 8. Nc3 Bb4 9. Qa4+ Nc6 10. Nxc6 Bxc3+ 11. bxc3 Qxc6 12. Qxc6+ bxc6 13. g3 Ba6 14. Rb1 O-O 15. Ba3 Rfe8 16. Bh3 e3 17. f3 Rad8 18. Rd1 Rxd1+ 19. Kxd1 Rd8+ 20. Kc1 Bxe2 21. Re1 Bxf3 22. Rxe3 Bd5 23. Kb2 Rb8+ 24. Ka1 Re8 25. Rxe8+ Nxe8 26. Bc5 a5 27. Bd7 Nf6 28. Bf5 Be4 29. Bc8 Nd5 30. Kb2 a4 31. c4 Nf6 32. Ka3 Bd3 33. Ba6 Ne4 34. Kb4 g5 35. Be7 g4 36. Bb7 Nd2 37. c5 Bb5 38. Ka5 Nc4+ 39. Kb4 Ne3 40. Ka5 Nf1 41. Kb6 Nxh2 42. Bxc6 Bxc6 43. Kxc6 Nf3 44. Kb7 f5 45. c6 Kf7 46. c7 Kxe7 47. c8=Q Kf6 48. Qc6+ Kg5 49. Qxa4 h5 50. Qf4+ Kg6 51. a4 h4 52. gxh4 Nxh4 53. a5 Ng2 54. Qg3 Kg5 55. Qxg2 f4 56. a6 g3 57. a7 1-0